AoeStats
← Oskar

Arena

510079744Analyzed
1v1 RM · 1d ago on Sep 29, 2026· 47m 28s· 2 players
Game mode
Random Map
Map size
Tiny (2 player)
Population
200
Speed
Normal
Resources
Standard
Victory
Conquest
Starting age
Dark Age
Ending age
Imperial Age
RankedLock teamsTeams togetherTeam positionsShared explorationLock speedFull tech treeHidden civsTurbo modeCheats
Victory
Defeat
🇨🇳 Burgundians · China
961
+15
🇳🇱 Mongols · Netherlands
948
-15
Oskar
10:29 Feudal Age
16:25 Castle Age
15:38 Double-Bit Axe
15:37 Horse Collar
29:03 Imperial Age
27:13 Bow Saw
32:25 Parthian Tactics
34:02 Ballistics
34:42 Chemistry
33:51 Heavy Plow
33:58 Husbandry
34:15 Bloodlines
34:59 Conscription
35:03 Drill
36:57 Scale Barding Armor
37:02 Forging
36:43 Fletching
36:54 Padded Archer Armor
38:10 Wheelbarrow
37:39 Gold Mining
39:15 Gold Shaft Mining
39:32 Iron Casting
39:17 Chain Barding Armor
38:54 Bodkin Arrow
40:35 Hand Cart
42:15 Elite Mangudai
42:40 Capped Ram
1993520000
4:48 Double-Bit Axe
10:52 Feudal Age
9:38 Gold Mining
9:46 Stone Mining
11:06 Horse Collar
15:25 Wheelbarrow
18:11 Castle Age
18:25 Bow Saw
18:52 Heavy Plow
20:51 Treadmill Crane
29:47 Two-Man Saw
29:22 Crop Rotation
33:20 Imperial Age
31:00 Elite Skirmisher
32:17 Hand Cart
31:47 Town Watch
33:23 Ballistics
32:58 Murder Holes
33:59 Town Patrol
34:21 Forging
34:06 Arrowslits
35:38 Conscription
36:02 Stone Shaft Mining
36:03 Gold Shaft Mining
35:31 Scale Mail Armor
36:30 Iron Casting
35:46 Fletching
35:56 Padded Archer Armor
36:29 Burgundian Vineyards
37:54 Chemistry
37:06 Masonry
36:56 Loom
37:49 Hoardings
37:38 Chain Mail Armor
37:23 Padded Archer Armor
37:29 Scale Barding Armor
36:48 Cavalier
37:28 Husbandry
37:31 Squires
37:16 Arson
38:59 Blast Furnace
37:54 Bodkin Arrow
37:29 Light Cavalry
38:16 Paladin
38:16 Hussar
39:28 Plate Mail Armor
39:50 Leather Archer Armor
39:35 Onager
39:35 Capped Ram
39:40 Pikeman
39:40 Man-at-Arms
40:06 Arson
41:16 Chain Barding Armor
40:57 Halberdier
42:19 Architecture
44:55 Bracer
46:24 Plate Barding Armor
Connection lost

Rejoining the realm…

Still unreachable

The connection could not be restored.

Session expired

The server has moved on; the page needs a fresh start.